 Dungeon Crawl Stone Soup version 0.17-b1-16-g38e0902 (webtiles) character file.

926 tself55 the Conjurer (level 7, -2/36 HPs)
             Began as a Deep Elf Fire Elementalist on Nov 3, 2015.
             Shot with an arrow by a centaur (4 damage)
             ... on level 5 of the Dungeon.
             The game lasted 00:05:08 (3436 turns).

tself55 the Conjurer (Deep Elf Fire Elementalist)   Turns: 3436, Time: 00:05:08

Health: -2/36      AC:  2    Str:  5    XL:     7   Next: 85%
Magic:  19/19      EV: 13    Int: 27    God:
Gold:   223        SH:  0    Dex: 15    Spells: 4 memorised, 6 levels left

rFire  . . .     SeeInvis +     i - +1 dagger (venom)
rCold  . . .     Clarity  .     a - +0 robe
rNeg   . . .     SustAt   .     (no shield)
rPois  .         Gourm    .     (no helmet)
rElec  .         Spirit   .     (no cloak)
rCorr  .         Warding  .     (no gloves)
rMut   .         Stasis   .     (no boots)
MR     .....                    (no amulet)
Stlth  ++........               (no ring)
                                j - ring of see invisible

@: brilliant, not resistant to hostile enchantments, unstealthy
A: no striking features
a: no special abilities


You were on level 5 of the Dungeon.
You were not hungry.

You visited 1 branch of the dungeon, and saw 5 of its levels.

You collected 223 gold pieces.

Inventory:

Hand Weapons
 i - a +1 dagger of venom (weapon)
Armour
 a - a +0 robe (worn)
Jewellery
 j - a ring of see invisible (left hand)
Wands
 x - a wand of draining (9)
Scrolls
 d - 3 scrolls of remove curse {unknown}
 e - 9 scrolls of identify {unknown}
 l - a scroll of immolation {unknown}
 n - a scroll of fear {unknown}
 p - a scroll of enchant armour {unknown}
 r - a scroll of teleportation {unknown}
 s - 2 scrolls of magic mapping {unknown}
 u - 3 scrolls of noise {unknown}
Potions
 g - 2 potions of agility {unknown}
 k - a potion of lignification {unknown}
 m - a potion of berserk rage {unknown}
 o - a potion of curing {unknown}
 v - a potion of degeneration {unknown}
Books
 b - a book of Flames

   Spells                             Type                      Level
   a - Flame Tongue                   Conjuration/Fire             1
   b - Throw Flame                    Conjuration/Fire             2
   c - Conjure Flame                  Conjuration/Fire             3
   d - Inner Flame                    Hexes/Fire                   3
   e - Sticky Flame                   Conjuration/Fire             4
   f - Fireball                       Conjuration/Fire             5
 t - a book of Annihilations

   Spells                             Type                      Level
   a - Poison Arrow                   Conjuration/Poison           6
   b - Chain Lightning                Conjuration/Air              8
   c - Lehudib's Crystal Spear        Conjuration/Earth            8
   d - Glaciate                       Conjuration/Ice              9
   e - Fire Storm                     Conjuration/Fire             9
Comestibles
 c - 3 bread rations
 h - a royal jelly
 q - a beef jerky
 z - 2 fruits


   Skills:
 - Level 2.4 Dodging
 - Level 2.4 Stealth
 + Level 6.7 Spellcasting
 * Level 7.0 Conjurations
 + Level 5.7 Fire Magic


You had 6 spell levels left.
You knew the following spells:

 Your Spells              Type           Power        Failure   Level  Hunger
a - Flame Tongue          Conj/Fire      #####        1%          1    None
b - Conjure Flame         Conj/Fire      ######..     1%          3    None
c - Sticky Flame          Conj/Fire      ######..     1%          4    ###....
d - Fireball              Conj/Fire      ######....   1%          5    #####..


Dungeon Overview and Level Annotations

Branches:
Dungeon (5/15)
 Temple: D:4-7

Altars:
Ashenzari
Dithmenos
Fedhas
Qazlal
The Shining One

Shops:
D:5 =


Message History

All of the chunks of flesh in your inventory have rotted away.
Found a stone staircase leading down.
Found a stone staircase leading up.
You now have 223 gold pieces (gained 15).
There is a stone staircase leading up here.
A centaur comes into view.
The centaur shouts!
The centaur wields a shortbow.
The centaur shoots an arrow.
The arrow hits you.
You see here an arrow.
A centaur is nearby!
The centaur shoots an arrow.
The arrow hits you!
The centaur shoots an arrow.
The arrow barely misses you.
The centaur shoots an arrow.
The arrow hits you!
* * * LOW HITPOINT WARNING * * *
You see here an arrow.
Drink which item? (? for menu, Esc to quit)
It was a potion of brilliance.
You feel clever all of a sudden.
The centaur shoots an arrow.
The arrow hits you.
You die...

_...####### #.#
§≈........# #^#######.#
#.# #.# #.# #.# #.# #.#
#.# #.# ##### #.#
#.###(..#######. #.#
####.#...#.@.c.....
#.####.##.#.#...###.###.
......#.#.#.##.##
#.##.###..#.##.# #.#.##
##...##.# #..## ##..##.#
###<## ##..###.#
##.###.#.###.
#####.#.........


You could see a centaur.

Vanquished Creatures
  Sigmund (D:5)
  A phantom (D:4)
  3 ogres (D:4)
  A scorpion (D:5)
  A crimson imp (D:5)
  2 orc wizards (D:5)
  2 hounds (D:4)
  3 worker ants
  A hound skeleton (D:4)
  A worker ant zombie (D:5)
  4 adders
  An ooze (D:3)
  3 worms
  An adder skeleton (D:5)
  A giant gecko (D:1)
  4 orcs
  11 bats
  6 giant cockroaches
  6 goblins
  8 hobgoblins
  A quokka (D:3)
  2 ball pythons
  4 giant newts
  5 jackals (D:2)
  11 kobolds
  8 rats
92 creatures vanquished.

Notes
Turn   | Place    | Note
--------------------------------------------------------------
     0 | D:1      | tself55 the Deep Elf Fire Elementalist began the quest for the Orb.
     0 | D:1      | Reached XP level 1. HP: 10/10 MP: 6/6
   156 | D:1      | Reached XP level 2. HP: 15/15 MP: 5/8
   758 | D:2      | Reached XP level 3. HP: 19/19 MP: 5/10
   810 | D:2      | Learned a level 3 spell: Conjure Flame
   984 | D:2      | Found a shattered altar of Ashenzari.
  1231 | D:2      | Reached skill level 4 in Spellcasting
  1456 | D:3      | Reached XP level 4. HP: 24/24 MP: 8/12
  1468 | D:3      | Learned a level 4 spell: Sticky Flame
  1715 | D:3      | Found a glowing golden altar of the Shining One.
  1965 | D:3      | Found a shadowy altar of Dithmenos.
  2181 | D:4      | Noticed an ogre
  2187 | D:4      | Killed an ogre
  2187 | D:4      | Reached XP level 5. HP: 28/28 MP: 5/14
  2348 | D:4      | Reached skill level 5 in Spellcasting
  2382 | D:4      | Noticed a phantom
  2397 | D:4      | Killed a phantom
  2397 | D:4      | Reached skill level 5 in Conjurations
  2397 | D:4      | Reached XP level 6. HP: 21/32 MP: 3/15
  2475 | D:4      | Learned a level 5 spell: Fireball
  2594 | D:4      | Noticed an ogre
  2602 | D:4      | Killed an ogre
  2994 | D:4      | Reached skill level 6 in Spellcasting
  2994 | D:4      | Reached skill level 5 in Fire Magic
  2994 | D:4      | Reached XP level 7. HP: 36/36 MP: 10/18
  3046 | D:5      | Entered Level 5 of the Dungeon
  3066 | D:5      | Noticed Sigmund
  3075 | D:5      | Killed Sigmund
  3172 | D:5      | Reached skill level 7 in Conjurations
  3347 | D:5      | Found a stormy altar of Qazlal.
  3350 | D:5      | Found a blossoming altar of Fedhas.
  3355 | D:5      | Found Dyschey's Jewellery Boutique.
  3436 | D:5      | Shot with an arrow by a centaur

Action                   |  1- 3 |  4- 6 |  7- 9 || total
-------------------------+-------+-------+-------++-------
Melee: Unarmed           |     1 |       |       ||     1
       Dagger            |     1 |    12 |     9 ||    22
 Cast: Flame Tongue      |    80 |    70 |    14 ||   164
       Sticky Flame      |       |     3 |     3 ||     6
       Conjure Flame     |       |       |     1 ||     1
  Use: Potion            |       |       |     1 ||     1
 Stab: Sleeping          |       |     2 |       ||     2
  Eat: Chunk             |     1 |     5 |     2 ||     8
